Map: Daybreak LE (Void)

Players

Nice

  • Race: Protoss Protoss
  • League: Master
  • Spawn Location: 7:00

thermy (uThermal) - Winner!

  • Race: Terran Terran
  • League: Master
  • Spawn Location: 1:00

Event: NationWars IV

VOD

Have the link to the VOD?

Description

Time

  • Played on: Jan. 2, 2017, 3:02 p.m.
  • Length: 10:17

All games in this series

Show
View Real Time Build Order
Export as new Build Order

Nice Protoss 

Build Orders: 1 Gate Expand, Phoenix Opening 

Get SALT Encoding   

  12  0:01  Probe (Chrono Boost)  
  13  0:12  Probe (Chrono Boost)  
  14  0:18  Pylon  
  14  0:22  Probe (Chrono Boost)  
  15  0:37  Probe (Chrono Boost), Gateway  
  16  0:47  Probe (Chrono Boost)  
  16  0:48  Assimilator  
  17  0:58  Probe (Chrono Boost)  
  18  1:17  Nexus  
  18  1:20  Probe (Chrono Boost)  
  19  1:30  Cybernetics Core  
  19  1:33  Probe (Chrono Boost)  
  19  1:39  Assimilator  
  20  1:44  Probe (Chrono Boost)  
  21  1:48  Pylon  
  21  1:54  Probe (Chrono Boost)  
  22  2:04  Stalker  
  22  2:05  Probe (Chrono Boost)  
  22  2:06  Warp Gate  
  26  2:17  Probe (Chrono Boost)  
  26  2:29  Probe (Chrono Boost)  
  28  2:30  Probe (Chrono Boost)  
  28  2:39  Stargate  
  28  2:40  Probe (Chrono Boost)  
  28  2:42  Stalker  
  28  2:43  Probe (Chrono Boost)  
  30  2:50  Probe (Chrono Boost)  
  33  2:55  Probe (Chrono Boost)  
  34  3:01  Probe (Chrono Boost)  
  34  3:05  Pylon  
  36  3:07  Probe (Chrono Boost)  
  36  3:11  Stalker  
  37  3:17  Pylon  
  38  3:22  Gateway  
  38  3:23  Gateway, Phoenix  
  40  3:36  Gateway  
  40  3:39  Probe (Chrono Boost)  
  40  3:40  Probe (Chrono Boost), Stalker  
  42  3:47  Phoenix  
  46  3:57  Pylon  
  46  4:05  Probe x2 (Chrono Boost)  
  46  4:09  Phoenix  
  50  4:20  Stalker  
  50  4:21  Stalker  
  50  4:22  Zealot  
  56  4:28  Pylon  
  56  4:29  Probe x2 (Chrono Boost)  
  58  4:40  Stalker  
  60  4:49  Stalker x2  
  60  4:50  Zealot  
  60  5:08  Pylon  
  60  5:09  Pylon  
  60  5:13  Oracle  
  54  5:20  Zealot x4  
  65  5:23  Probe (Chrono Boost)  
  62  5:33  Probe (Chrono Boost)  
  62  5:35  Probe (Chrono Boost)  
  58  5:39  Adept  
  58  5:42  Adept x2  
  51  5:45  Probe (Chrono Boost)  
  48  5:56  Stalker x2  
  40  6:13  Zealot  
  42  6:27  Stalker x2  
  42  6:28  Zealot  
  48  6:36  Probe x2 (Chrono Boost)  
  46  6:58  Zealot x4  
  47  7:12  Probe x2 (Chrono Boost)  
  47  7:14  Assimilator x2  
  47  7:17  Adept x2  
  42  7:56  Zealot x4  
  50  8:09  Probe (Chrono Boost)  
  50  8:10  Probe (Chrono Boost), Phoenix  
  50  8:43  Stalker x3  
  50  8:45  Stalker  
  58  8:53  Probe x2 (Chrono Boost)  
  36  9:30  Stalker x4  
  42  9:52  Adept x3  
  47  9:53  Adept  
Show
View Real Time Build Order
Export as new Build Order

thermy Terran - Winner!

Build Orders:  

Get SALT Encoding   

  12  0:01  SCV  
  13  0:13  SCV  
  14  0:18  Supply Depot  
  14  0:25  SCV  
  15  0:39  SCV  
  15  0:42  Barracks  
  16  0:45  Refinery  
  16  0:51  SCV  
  17  1:03  SCV  
  18  1:15  SCV  
  19  1:29  Orbital Command, Marine  
  20  1:43  Command Center  
  20  1:55  SCV  
  20  1:57  Factory  
  21  2:04  Barracks Reactor  
  21  2:07  SCV  
  22  2:12  Supply Depot  
  22  2:19  SCV  
  22  2:22  Refinery  
  23  2:33  SCV  
  24  2:41  Marine x2  
  24  2:43  Starport  
  26  2:45  SCV  
  26  2:48  Widow Mine  
  29  2:56  Orbital Command  
  29  2:59  Marine  
  29  3:00  Marine  
  29  3:02  SCV  
  31  3:14  Bunker, SCV  
  31  3:17  Marine x2  
  34  3:20  Widow Mine  
  34  3:25  Medivac  
  38  3:29  SCV  
  38  3:30  SCV  
  40  3:36  Supply Depot  
  40  3:39  Marine  
  40  3:41  Marine, SCV  
  42  3:44  SCV  
  44  3:52  Widow Mine  
  46  3:57  Medivac, SCV  
  46  4:01  Supply Depot  
  49  4:04  SCV, Engineering Bay  
  49  4:09  Marine x2, SCV  
  53  4:16  SCV  
  54  4:18  Supply Depot  
  54  4:22  SCV  
  54  4:23  Factory Tech Lab  
  55  4:28  SCV  
  55  4:29  Marine x2  
  58  4:31  Terran Infantry Weapons Level 1, Supply Depot  
  58  4:34  SCV  
  59  4:40  SCV  
  59  4:42  Siege Tank  
  63  4:46  SCV  
  63  4:47  Marine x2  
  66  4:53  SCV  
  66  4:55  Refinery  
  66  4:58  SCV  
  67  5:04  Marine  
  67  5:05  SCV  
  67  5:10  Marine  
  67  5:11  SCV  
  69  5:16  Command Center, Bunker  
  69  5:17  SCV  
  69  5:19  Siege Tank  
  73  5:24  SCV  
  74  5:29  SCV  
  66  5:36  SCV  
  66  5:41  SCV  
  54  5:48  SCV  
  46  5:54  SCV  
  46  5:55  Siege Tank  
  49  6:00  SCV  
  49  6:02  Marine  
  51  6:06  SCV  
  51  6:18  Marine  
  49  6:19  Medivac  
  49  6:21  SCV  
  49  6:24  Missile Turret  
  49  6:25  SCV  
  44  6:42  Marine  
  45  6:53  SCV  
  41  6:56  Siege Tank  
  41  6:59  Marine x2  
  43  7:01  SCV  
  43  7:05  SCV  
  39  7:14  SCV  
  37  7:16  Marine  
  37  7:19  Orbital Command  
  37  7:20  SCV  
  37  7:25  Marine  
  37  7:26  SCV  
  37  7:27  Widow Mine  
  38  7:32  SCV  
  39  7:37  Marine, Refinery  
  39  7:38  Missile Turret, SCV  
  40  7:44  SCV  
  40  7:51  SCV  
  38  7:56  Marine x2, SCV  
  41  8:03  SCV  
  40  8:08  SCV  
  40  8:09  SCV  
  40  8:12  Missile Turret  
  42  8:16  Marine  
  43  8:22  Marine  
  44  8:29  Medivac  
  44  8:33  Marine  
  47  8:34  Siege Tank  
  47  8:35  SCV  
  47  8:40  Marine  
  50  8:42  SCV  
  50  8:43  SCV  
  50  8:45  Liberator  
  52  8:49  Bunker, SCV  
  54  9:00  Supply Depot  
  54  9:02  Supply Depot  
  53  9:04  Marine  
  57  9:12  SCV  
  57  9:13  SCV  
  56  9:24  SCV  
  55  9:36  Marine x2  
  57  9:44  SCV  
  57  9:45  SCV  
  59  9:46  SCV  
  63  9:54  Marine  
  68  10:00  SCV  
  68  10:02  Missile Turret  
  68  10:04  SCV  
Tags
 
Add a new tag
Caveats
  • Supply blocks, unpowered buildings, or Contaminate may cause inaccurate times.
  • Supply counts are checked every 10 seconds.